 Dungeon Crawl Stone Soup version 0.30-a0-800-g7c544603b3 (webtiles) character file.

Game seed: 6643843261319707630

619 bmack86 the Chopper (level 7, -9/61 HPs)
             Began as a Minotaur Fighter on Feb 22, 2023.
             Killed from afar by an orc wizard (15 damage)
             ... with a puff of flame
             ... on level 4 of the Dungeon.
             The game lasted 00:12:00 (3739 turns).

bmack86 the Chopper (Minotaur Fighter)              Turns: 3739, Time: 00:12:01

Health: -9/61      AC: 11    Str: 23    XL:     7   Next: 21%
Magic:  6/6        EV:  9    Int:  5    God:
Gold:   263        SH:  0    Dex:  9    Spells: 6/6 levels left

rFire   . . .      SeeInvis .    a - +1 war axe
rCold   . . .      Faith    .    c - +0 buckler
rNeg    . . .      Spirit   .    b - +0 scale mail
rPois   .          Reflect  .    (helmet restricted)
rElec   .          Harm     .    (no cloak)
rCorr   .          Rampage  .    (no gloves)
Will    .....                    (no boots) Stlth
                                 (no amulet)
HPRegen 0.30/turn                f - +4 ring of protection
MPRegen 0.10/turn                (no ring)

@: confused, mighty, lethally poisoned (-9 -> -18)
A: horns 2, retaliatory headbutt
a: no special abilities


You were on level 4 of the Dungeon.
You visited 1 branch of the dungeon, and saw 4 of its levels.
You also visited: Sewer.

You collected 263 gold pieces.

Inventory:

Hand Weapons
 a - a +1 war axe (weapon)
 o - a +0 hand axe of freezing
 t - a +2 heavy war axe
Missiles
 h - 17 poisoned darts
 i - 6 boomerangs (quivered)
Armour
 b - a +0 scale mail (worn)
 c - a +0 buckler (worn)
Jewellery
 e - an amulet of faith
 f - a +4 ring of protection (left hand)
Scrolls
 j - a scroll of blinking {unknown}
 k - a scroll of magic mapping
 n - a scroll of poison
 r - 3 scrolls of teleportation
 u - a scroll of identify
Potions
 d - a potion of might
 g - a potion of curing
 m - 5 potions of flight
 p - a potion of degeneration {unknown}
 q - 2 potions of lignification
 s - a potion of resistance {unknown}


   Skills:
 + Level 5.2 Fighting
 * Level 6.1 Axes
 + Level 2.5 Throwing
 + Level 5.2 Armour
 + Level 5.3 Shields


You had 6 spell levels left.
You didn't know any spells.
Your spell library contained the following spells:

 Spells                   Type           Power      Damage    Failure   Level
 Kiss of Death            Conj/Necr      0%         2d5       86%         1
 Sting                    Tmut/Pois      0%         1d3       86%         1
 Poisonous Vapours        Pois/Air       0%         N/A       94%         2
 Confusing Touch          Hex            0%         N/A       99%         3
 Ozocubu's Armour         Ice            0%         N/A       99%         3
 Summon Guardian Golem    Hex/Summ       0%         N/A       99%         3
 Dispel Undead            Necr           0%         3d6       100%        4
 Olgreb's Toxic Radiance  Pois           0%         N/A       100%        4
 Blade Hands              Tmut           0%         N/A       100%        5
 Irradiate                Conj/Tmut      0%         3d11      100%        5
 Metabolic Englaciation   Hex/Ice        0%         N/A       100%        5
 Simulacrum               Ice/Necr       0%         N/A       100%        6
 Dragon Form              Tmut           0%         N/A       100%        7
 Orb of Destruction       Conj           0%         9d5       100%        7
 Spellforged Servitor     Conj/Summ      0%         N/A       100%        7


Dungeon Overview and Level Annotations

Branches:
Dungeon (4/15)              Sewer (visited)
 Temple: D:4-7

Altars:


Innate Abilities, Weirdness & Mutations

You have a pair of horns on your head.
You reflexively headbutt those who attack you in melee.


Message History

* * * LOW HITPOINT WARNING * * *
You are more poisoned.
You feel better. Something hits you.
* * * LOW HITPOINT WARNING * * *
You feel much better. Something hits you.
You feel very mighty all of a sudden. Something hits you but does no damage.
You are poisoned.
You closely miss something. Your headbutt misses something.
You feel sick. Something hits you but does no damage.
You are more poisoned.
You barely miss something. Your headbutt misses something.
You feel very sick. Something hits you but does no damage.
You closely miss something.
You feel very sick. Something hits you but does no damage.
You are more poisoned.
You closely miss something.
You feel very sick.
An orc wizard appears from thin air!
Reactivating autopickup.
The orc wizard hits you but does no damage.
The orc wizard casts a spell at you.
You are confused.
You're too confused to move!
You feel sick.
The orc wizard hits you but does no damage.
You are lethally poisoned!
You bump into the rock wall.
* * * LOW HITPOINT WARNING * * *
You feel very sick.
The orc wizard gestures at you while chanting.
The magic dart hits you.
* * * LOW HITPOINT WARNING * * *
You're too confused to move!
* * * LOW HITPOINT WARNING * * *
You feel very sick.
The orc wizard points at you and mumbles some strange words.
The puff of flame hits you!
You die...

###.###.### #....... #.....#
#....... #....## #.......
#.#### #....... #.# #.......
***#######.############.......
*,,...........................
*,*#######################'###
*,* #....o@.........# #.# *,*
#.#############.# #.# *,* *,*
#.# #.### *,* *,* #.# #....
*,* *,* #.# ##### *,* *,* #.#
*,* *,* #.# *,* *,* #.# *,*
*,* #.#


You could see an orc wizard.

Vanquished Creatures
  Sigmund (D:2)
  An orc priest (D:3)
  A hound (D:4)
  2 iguanas (D:4)
  3 orc wizards
  A sickly merfolk siren (Sewer)
  A malarious merfolk avatar (Sewer)
  2 gnolls (D:1)
  A river rat (Sewer)
  7 adders
  2 worms
  6 dart slugs
  9 orcs
  2 bats (D:2)
  6 endoplasms
  6 giant cockroaches
  4 goblins (D:4)
  11 hobgoblins
  2 jackals (D:1)
  10 kobolds
  6 quokkas
  7 ball pythons
  11 frilled lizards
  28 rats
130 creatures vanquished.

Vanquished Creatures (others)
  2 plants (D:1)
2 creatures vanquished.

Grand Total: 132 creatures vanquished

Notes
Turn   | Place    | Note
-------+----------+-------------------------------------------
     0 | D:1      | bmack86 the Minotaur Fighter began the quest for the Orb.
     0 | D:1      | Reached XP level 1. HP: 19/19 MP: 0/0
   104 | D:1      | Reached XP level 2. HP: 27/27 MP: 1/1
   111 | D:1      | Reached skill level 3 in Axes
   181 | D:1      | Reached XP level 3. HP: 19/33 MP: 2/2
   880 | D:2      | Found a faded altar of an unknown god.
  1054 | D:2      | Reached XP level 4. HP: 40/40 MP: 3/3
  1623 | D:2      | Noticed Sigmund
  1634 | D:2      | Killed Sigmund
  1635 | D:2      | Reached skill level 4 in Axes
  1635 | D:2      | Reached skill level 1 in Throwing
  1635 | D:2      | Reached XP level 5. HP: 46/47 MP: 4/4
  1916 | D:3      | Reached skill level 5 in Axes
  2105 | D:3      | Reached XP level 6. HP: 38/53 MP: 5/5
  2341 | D:3      | Identified the +2 robe of Mysticism {Contam Regen+ Str+5}
  2579 | D:4      | Reached skill level 5 in Shields
  2591 | D:4      | Found a glowing drain.
  2602 | Sewer    | Entered a sewer
  2696 | Sewer    | Reached skill level 5 in Armour
  2699 | Sewer    | Reached skill level 5 in Fighting
  2834 | Sewer    | Reached XP level 7. HP: 56/61 MP: 6/6
  2982 | D:4      | Reached skill level 6 in Axes
  3716 | D:4      | HP: 3/61 [poisoned by an orc wizard]
  3739 | D:4      | Killed from afar by an orc wizard

Illustrated notes

Levels and vault maps discovered:
D:1:      lemuel_arrival_funnel, layout_basic, serial_forest,
          infiniplex_forest_zigzag_2, infiniplex_forest_lined_3,
          infiniplex_forest_lined_2, infiniplex_forest_clump_small,
          infiniplex_forest_straight_2, infiniplex_forest_zigzag_2
D:2:      layout_basic, nicolae_ecumenical_pavilion, minmay_misc_feat_square,
          fountainhead, uniq_sigmund
D:3:      layout_loops_cross
D:4:      layout_basic, gup_sewer_entry_pipe, minmay_quantized

Skill      XL: |  1  2  3  4  5  6  7 |
---------------+----------------------+-----
Axes           | 3 4 5 6 |  6.1
Fighting       | 4 5 |  5.2
Armour         | 4 5 |  5.2
Shields        | 4 5 |  5.3
Throwing       | 1 2 |  2.5

Action                     |  1- 3 |  4- 6 |  7- 9 || total
---------------------------+-------+-------+-------++-------
  Melee: War axe           |    72 |   123 |    50 ||   245
         Headbutt          |     8 |     8 |     4 ||    20
  Throw: Boomerang         |    14 |    69 |       ||    83
    Use: Scroll            |     2 |     4 |     3 ||     9
         Potion            |       |       |     6 ||     6
 Armour: Scale mail        |    24 |    72 |    33 ||   129
  Dodge: Dodged            |    33 |    54 |    25 ||   112
  Block: Buckler           |    11 |    22 |     7 ||    40

Table legend: (Time is in decaauts)
 A = Elapsed time spent in this place.
 B = Non-inter-level travel time spent in this place.
 C = Inter-level travel time spent in this place.
 D = Time resting spent in this place.
 E = Time spent auto-exploring this place.
 F = Levels seen in this place.
 G = Mean time per level.
                   A        B        C        D        E       F      G
               +--------+--------+--------+--------+--------+-----+--------+
         Total |   3879 |   3868 |     11 |      0 |   2518 |   5 |  775.8 |
       Dungeon |   3537 |   3526 |     11 |      0 |   2501 |   4 |  884.2 |
         Sewer |    341 |    341 |      0 |      0 |     17 |   1 |  341.0 |
               +--------+--------+--------+--------+--------+-----+--------+

Top non-repeatable levels by time:
     D:4: 1042 daAuts
     D:1: 907 daAuts
     D:3: 801 daAuts
     D:2: 786 daAuts
   Sewer: 341 daAuts
